 Dungeon Crawl Stone Soup version 0.29-a0-321-gf1c400731a (webtiles) character file.

Game seed: 14576131678471688585

73346 Dabor the Fighter (level 15, -12/180 HPs)
             Began as a Gnoll Wanderer on Apr 5, 2022.
             Was the Champion of Okawaru.
             Mangled by a catoblepas (15 damage)
             ... on level 6 of the Lair of Beasts.
             The game lasted 00:56:37 (24122 turns).

Dabor the Fighter (Gnoll Wanderer)                 Turns: 24122, Time: 00:56:38

Health: -12/180    AC: 31    Str: 15    XL:     15   Next: 43%
Magic:  7/30       EV:  2    Int: 17    God:    Okawaru [******]
Gold:   919        SH:  0    Dex: 12    Spells: 15/36 levels left

rFire   x . .      SeeInvis .   Y - +6 quarterstaff "Hako Hoq" {speed, Fly rElec rCorr Str+2}
rCold   + . .      Faith    .   (shield currently unavailable)
rNeg    . . .      Spirit   .   (body armour currently unavailable)
rPois   +          Reflect  .   (helmet currently unavailable)
rElec   +          Harm     .   (cloak currently unavailable)
rCorr   +          Rampage  .   (gloves currently unavailable)
Will    +....      NoTele   +   (boots currently unavailable)
Stlth   ++++++....              (no amulet)
HPRegen 0.40/turn               a - +4 ring of protection
MPRegen 0.22/turn               Q - ring of ice

@: mighty, tree-form, heroic, invisible, unable to read
A: stationary, stasis, torment immunity, boosted hp, (fangs 1), strong nose,
distributed training, (shaggy fur 1), inability to read while threatened,
MP-powered wands
a: Renounce Religion, Heroism, Finesse, Duel


You were on level 6 of the Lair of Beasts.
You worshipped Okawaru.
Okawaru was exalted by your worship.
You were a tree.
You visited 2 branches of the dungeon, and saw 18 of its levels.
You also visited: Bailey and Gauntlet.

You collected 1380 gold pieces.
You spent 461 gold pieces at shops.

Inventory:

Hand Weapons
 A - the +7 spear of the Badger {antimagic, rF+ rN+ Str-2}
   (You found it on level 8 of the Dungeon)

   It reduces the magical energy of the wielder, and disrupts the spells and
   magical abilities of those it strikes.
   Natural abilities and divine invocations are not affected.
   Str:       It affects your strength (-2).
   rF:        It protects you from fire.
   rN:        It protects you from negative energy.
 S - the +5 great mace "Iteimy" {vorpal, rPois}
   (Okawaru gifted it to you on level 1 of the Lair of Beasts)

   It inflicts extra damage upon your enemies.
   rPois:     It protects you from poison.
 Y - the +6 quarterstaff "Hako Hoq" (weapon) {speed, Fly rElec rCorr Str+2}
   (You found it on level 6 of the Lair of Beasts)

   Attacks with this weapon are significantly faster.
   Str:       It affects your strength (+2).
   rElec:     It insulates you from electricity.
   Fly:       It grants you flight.
   rCorr:     It protects you from acid and corrosion.
Missiles
 h - 3 silver javelins
 x - 293 stones
 G - 13 curare-tipped darts
 K - 6 silver boomerangs
 N - 11 javelins
Armour
 i - a +2 cloak of willpower (melded)
 k - a +2 helmet (melded)
 w - a +1 pair of gloves (melded)
 L - a +0 buckler
 M - a +2 pair of boots (melded)
 O - the +1 ring mail of Xeuzuw (melded) {rN+ Regen+ Int+3 Dex-3}
   (You found it on level 11 of the Dungeon)

   Int:       It affects your intelligence (+3).
   Dex:       It affects your dexterity (-3).
   rN:        It protects you from negative energy.
   Regen:     It increases your rate of health regeneration.
 R - the +1 helmet of Xom's Scorn {rC+ Str-2 Dex+2}
   (You found it in a Gauntlet)

   Str:       It affects your strength (-2).
   Dex:       It affects your dexterity (+2).
   rC:        It protects you from cold.
Magical Staves
 V - a staff of earth
Jewellery
 a - a +4 ring of protection (left branch)
 t - a +4 ring of evasion
 Q - a ring of ice (right branch)
 U - a ring of poison resistance
Wands
 o - a wand of polymorph (12)
 C - a wand of digging (12)
 E - a wand of acid (10)
 F - a wand of flame (52)
 J - a wand of paralysis (20)
 Z - a wand of iceblast (3)
Scrolls
 f - 3 scrolls of enchant weapon
 g - 2 scrolls of silence
 j - a scroll of fear
 q - 8 scrolls of teleportation
 r - a scroll of holy word
 s - 4 scrolls of magic mapping
 u - a scroll of amnesia
 y - 3 scrolls of blinking
 z - a scroll of brand weapon
 D - 3 scrolls of immolation
 H - a scroll of identify
 P - 2 scrolls of fog
 T - a scroll of enchant armour
 X - a scroll of acquirement {unknown}
Potions
 b - a potion of attraction {unknown}
 c - 3 potions of brilliance
 d - a potion of resistance
 e - 3 potions of cancellation {unknown}
 l - a potion of berserk rage {unknown}
 m - 5 potions of might
 n - 3 potions of curing
 p - 4 potions of lignification
 B - 3 potions of haste
 W - 2 potions of flight


   Skills:
 + Level 12.0(17.0) Fighting
 + Level 10.1(15.1) Short Blades
 + Level 10.1(15.1) Long Blades
 + Level 10.1(15.1) Axes
 + Level 10.1(15.1) Maces & Flails
 + Level 10.1(15.1) Polearms
 + Level 10.4(15.4) Staves
 + Level 10.1(15.1) Slings
 + Level 10.1(15.1) Bows
 + Level 10.1(15.1) Crossbows
 + Level 10.1(15.1) Throwing
 + Level 11.1(16.1) Armour
 + Level 10.1(15.1) Dodging
 + Level 10.1(15.1) Stealth
 + Level 10.1(15.1) Shields
 + Level 10.1(15.1) Unarmed Combat
 + Level 11.2 Spellcasting
 + Level 8.4 Conjurations
 + Level 8.4 Hexes
 + Level 8.4 Summonings
 + Level 8.4 Necromancy
 + Level 8.4 Translocations
 + Level 8.4 Transmutations
 + Level 8.4 Fire Magic
 + Level 8.4 Ice Magic
 + Level 8.4 Air Magic
 + Level 9.3 Earth Magic
 + Level 8.4 Poison Magic
 + Level 11.0 Invocations
 + Level 10.1 Evocations


You had 15 spell levels left.
You knew the following spells:

 Your Spells              Type           Power      Damage    Failure   Level
a - Sandblast             Erth           82%        2d17      1%          1
b - Frozen Ramparts       Ice            100%       1d12      1%          3
c - Mephitic Cloud        Conj/Pois/Air  38%        N/A       1%          3
d - Hailstorm             Conj/Ice       55%        3d12      2%          4
e - Iskenderun's Mystic   Conj/Tloc      38%        2d9       2%          4
f - Statue Form           Tmut/Erth      26%        N/A       30%         6

Your spell library contained the following spells:

 Spells                   Type           Power      Damage    Failure   Level
 Freeze                   Ice            100%       1d11      1%          1
 Magic Dart               Conj           100%       1d8       1%          1
 Pain                     Necr           100%       1d9       1%          1
 Searing Ray              Conj           76%        2d7       1%          2
 Vampiric Draining        Necr           38%        2d8       1%          3
 Leda's Liquefaction      Hex/Erth       19%        N/A       1%          4
 Petrify                  Tmut/Erth      39%        N/A       1%          4
 Cause Fear               Hex            19%        N/A       2%          4
 Ice Form                 Ice/Tmut       55%        N/A       2%          4
 Lightning Bolt           Conj/Air       19%        1d33      6%          5
 Metabolic Englaciation   Hex/Ice        27%        N/A       6%          5
 Dragon Form              Tmut           19%        N/A       89%         7
 Animate Skeleton         Necr           Unusable   N/A       N/A         1
 Call Imp                 Summ           Unusable   N/A       N/A         2
 Animate Armour           Summ/Erth      Unusable   N/A       N/A         4
 Summon Ice Beast         Ice/Summ       Unusable   N/A       N/A         4
 Dragon's Call            Summ           Unusable   N/A       N/A         9

Dungeon Overview and Level Annotations

Branches:
Dungeon (12/15)            Temple (0/1) D:7            Lair (6/6) D:8
  Swamp (0/4) Lair:4       Spider (0/4) Lair:4          Orc (0/2) D:9
 Bailey (visited)         Gauntlet (visited)
  Slime: Lair:5-6

Altars:
Elyvilon
Fedhas
Gozag
Hepliaklqana
Kikubaaqudgha
Nemelex Xobeh
Okawaru
Ru
Trog
Vehumet
Yredelemnul
Zin
The Shining One
Jiyva

Shops:
D:3 !?[:=   D:5 (   D:10 (*(


Innate Abilities, Weirdness & Mutations

You are a tree.
Your roots penetrate the ground, keeping you stationary.
You cannot be teleported.
You are immune to unholy pain and torment.
Your maximum health is greatly increased.
Your equipment is partially melded.
((You have very sharp teeth.))
Your uncanny sense of smell can sniff out nearby items.
Your experience applies equally to all skills.
((You are covered in fur. (AC +1)))
You sometimes lose the ability to read scrolls when taking damage.
You expend magic power (3 MP) to strengthen your wands.


Message History

The deep troll shaman claws you.
The deep troll shaman claws you but does no damage.
The death yak gores you.
* * * LOW HITPOINT WARNING * * *
The catoblepas gores you!!
* * * LOW HITPOINT WARNING * * *
You are engulfed in calcifying dust.
You can read scrolls again.
The deep troll shaman bites you!
* * * LOW HITPOINT WARNING * * *
The deep troll shaman claws you but does no damage. x2
The death yak gores you!
* * * LOW HITPOINT WARNING * * *
The catoblepas gores you but does no damage.
The deep troll shaman bites you.
* * * LOW HITPOINT WARNING * * *
The deep troll shaman claws you but does no damage.
The deep troll shaman claws you.
* * * LOW HITPOINT WARNING * * *
The death yak gores you but does no damage.
The catoblepas gores you!!
You feel threatened and lose the ability to read scrolls!
* * * LOW HITPOINT WARNING * * *
You can read scrolls again.
The deep troll shaman bites you but does no damage.
The deep troll shaman claws you.
* * * LOW HITPOINT WARNING * * *
The deep troll shaman claws you but does no damage.
The death yak gores you but does no damage.
The catoblepas completely misses you.
You turn to wood and can move again.
Unknown command.
You fade into invisibility!
The deep troll shaman bites you!
You feel threatened and lose the ability to read scrolls!
* * * LOW HITPOINT WARNING * * *
The deep troll shaman claws you but does no damage. x2
The death yak gores you but does no damage.
The catoblepas gores you!
You die...

##..# ∆
#...#∆
#...#
#...# #.
#P..# ...
##..##
...÷ ##..#
.....
##.#÷...#
#♣Y.÷.#
#.YT.†##
#.........
##..♣#####
#.## ###


You could see a death yak (can't see you), a catoblepas (can't see you) and a
deep troll shaman.

Vanquished Creatures
  Gastronok (Lair:1)
  Kirke (Lair:6)
  Nessos (Lair:5)
  A dire elephant (Lair:3)
  A minotaur (Gauntlet)
  2 vault guards (Bailey)
  2 boulder beetles
  5 hydras
  2 two-headed ogres (D:10)
  27 death yaks
  A hell hog (Gauntlet)
  Sonja (D:10)
  A soul eater (Gauntlet)
  Nergalle (Lair:4)
  A skeletal warrior (D:12)
  A bog body (Lair:4)
  3 cyclopes
  A manticore (D:11)
  21 elephants
  8 black mambas
  Maurice (D:8)
  15 cane toads
  A torpor snail (Lair:3)
  A gargoyle (D:8)
  2 unseen horrors
  2 rime drakes (Lair:4)
  Psyche (D:8)
  4 komodo dragons
  A demonic crawler (Lair:4)
  2 hornets (Lair:3)
  21 blink frogs
  A troll (D:10)
  A queen bee (Gauntlet)
  2 polar bears
  Prince Ribbit (Bailey)
  3 slime creatures
  33 yaks
  2 wyverns
  3 fire bats (Gauntlet)
  2 hogs (Lair:6)
  Grum (D:8)
  A basilisk (Lair:5)
  6 humans
  The ghost of Murumi the Ducker, an amateur DjMo (D:3)
  3 wargs
  An acid dragon (D:10)
  2 hell hounds (Gauntlet)
  22 water moccasins
  5 black bears
  4 orc warriors
  3 ice beasts
  5 sky beasts
  23 wolves
  13 centaurs
  A kobold brigand (D:8)
  25 bullfrogs
  2 necrophages
  2 gnoll sergeants
  6 scorpions
  3 wights (D:6)
  14 killer bees
  7 howler monkeys
  12 orc priests
  4 hounds
  2 jellies (D:6)
  A gnoll shaman (D:6)
  12 orc wizards
  Robin (D:4)
  5 adders
  15 gnolls
  5 shadow imps
  3 white imps
  6 ufetubi
  3 worms
  A dart slug (D:3)
  42 orcs
  5 ball pythons
  5 endoplasms
  8 giant cockroaches
  27 goblins
  11 hobgoblins
  5 jackals (D:3)
  8 quokkas
  12 bats
  3 frilled lizards
  10 kobolds
  9 rats
  2 bushes (Lair:6)
548 creatures vanquished.

Vanquished Creatures (others)
  An anaconda (Lair:3)
  43 fungi
  43 plants
87 creatures vanquished.

Grand Total: 635 creatures vanquished

Notes
Turn   | Place    | Note
-------+----------+-------------------------------------------
     0 | D:1      | Dabor the Gnoll Wanderer began the quest for the Orb.
     0 | D:1      | Dabor set off with the following items: a +1 quarterstaff,
                  | a potion of haste, 20 stones, a +0 robe; and the following
                  | spell memorised: Sandblast; and the following spells
                  | available to memorise: Animate Armour, Leda's Liquefaction
     0 | D:1      | Reached XP level 1. HP: 23/23 MP: 6/6
    96 | D:1      | Found a faded altar of an unknown god.
   104 | D:1      | Prayed at the altar of an unknown god.
   104 | D:1      | Became a worshipper of Warmaster Okawaru
   104 | D:1      | Reached * piety under Okawaru
   181 | D:1      | Reached XP level 2. HP: 29/29 MP: 5/7
   929 | D:1      | Reached XP level 3. HP: 33/35 MP: 6/9
   964 | D:1      | Reached skill level 5 in Spellcasting
  1238 | D:2      | Reached skill level 1 in Invocations
  1381 | D:2      | Reached skill level 1 in Short Blades
  1381 | D:2      | Reached skill level 1 in Long Blades
  1381 | D:2      | Reached skill level 1 in Axes
  1381 | D:2      | Reached skill level 1 in Maces & Flails
  1381 | D:2      | Reached skill level 1 in Polearms
  1381 | D:2      | Reached skill level 1 in Slings
  1381 | D:2      | Reached skill level 1 in Bows
  1381 | D:2      | Reached skill level 1 in Crossbows
  1381 | D:2      | Reached skill level 1 in Throwing
  1381 | D:2      | Reached skill level 1 in Dodging
  1381 | D:2      | Reached skill level 1 in Stealth
  1381 | D:2      | Reached skill level 1 in Shields
  1381 | D:2      | Reached skill level 1 in Unarmed Combat
  1381 | D:2      | Reached skill level 1 in Evocations
  1381 | D:2      | Reached XP level 4. HP: 41/41 MP: 9/11
  1644 | D:2      | Reached skill level 1 in Conjurations
  1644 | D:2      | Reached skill level 1 in Hexes
  1644 | D:2      | Reached skill level 1 in Summonings
  1644 | D:2      | Reached skill level 1 in Necromancy
  1644 | D:2      | Reached skill level 1 in Translocations
  1644 | D:2      | Reached skill level 1 in Transmutations
  1644 | D:2      | Reached skill level 1 in Fire Magic
  1644 | D:2      | Reached skill level 1 in Ice Magic
  1644 | D:2      | Reached skill level 1 in Air Magic
  1644 | D:2      | Reached skill level 1 in Poison Magic
  1874 | D:3      | Found Pixt's Magic Scroll Shoppe.
  1897 | D:3      | Bought a scroll of teleportation for 39 gold pieces
  1897 | D:3      | Bought a scroll of enchant armour for 97 gold pieces
  1912 | D:3      | Found Kokkolo's Armour Shoppe.
  1970 | D:3      | Found a runed translucent gate.
  1970 | D:3      | Found a runed translucent gate.
  1970 | D:3      | Found a runed translucent gate.
  1971 | D:3      | Noticed Murumi's ghost (amateur DjMo)
  2125 | D:3      | Found an ancient bone altar of Kikubaaqudgha.
  2154 | D:3      | Reached XP level 5. HP: 44/47 MP: 7/12
  2521 | D:3      | Found Neuvof's Jewellery Shop.
  2522 | D:3      | Found Kum Lirr's Book Emporium.
  2853 | D:3      | Found Lumioqo's Distillery.
  2923 | D:3      | Killed Murumi's ghost
  2923 | D:3      | Reached ** piety under Okawaru
  2924 | D:3      | Reached skill level 5 in Armour
  2924 | D:3      | Reached XP level 6. HP: 27/53 MP: 7/14
  3285 | D:4      | You fall into a shaft and drop 3 floors!
  3285 | D:7      | Found a staircase to the Ecumenical Temple.
  3297 | D:7      | Found a sacrificial altar of Ru.
  3790 | D:6      | Reached XP level 7. HP: 52/59 MP: 2/15
  3965 | D:6      | Reached skill level 7 in Fighting
  4559 | D:5      | Entered Level 5 of the Dungeon
  5366 | D:4      | Reached XP level 8. HP: 56/67 MP: 13/16
  5439 | D:4      | Noticed Robin
  5466 | D:4      | Killed Robin
  5689 | D:3      | Bought a +0 helmet for 45 gold pieces
  5689 | D:3      | Bought a +0 cloak for 45 gold pieces
  5689 | D:3      | Bought a +0 pair of gloves for 45 gold pieces
  6422 | D:4      | Identified the +3 leather armour of Iplir {rPois Dex+4
                  | Slay+2}
  6696 | D:5      | Found Suohon's Weapon Shop.
  7029 | D:5      | Reached *** piety under Okawaru
  7540 | D:5      | Found a basalt altar of Yredelemnul.
  7549 | D:5      | Found a bloodstained altar of Trog.
  8183 | D:6      | Reached skill level 5 in Earth Magic
  8183 | D:6      | Reached XP level 9. HP: 72/72 MP: 18/18
  8205 | D:6      | Learned a level 3 spell: Frozen Ramparts
  8955 | D:8      | Noticed Maurice
  8958 | D:8      | Identified the +7 spear of the Badger {antimagic, rF+ rN+
                  | Str-2}
  9007 | D:8      | Killed Maurice
  9008 | D:8      | Reached skill level 5 in Staves
  9067 | D:8      | Reached skill level 8 in Fighting
  9068 | D:8      | Reached **** piety under Okawaru
  9069 | D:8      | Reached skill level 5 in Invocations
  9148 | D:8      | Reached XP level 10. HP: 66/80 MP: 3/20
  9270 | D:7      | Reached skill level 5 in Short Blades
  9270 | D:7      | Reached skill level 5 in Long Blades
  9270 | D:7      | Reached skill level 5 in Axes
  9270 | D:7      | Reached skill level 5 in Maces & Flails
  9270 | D:7      | Reached skill level 5 in Polearms
  9270 | D:7      | Reached skill level 5 in Slings
  9270 | D:7      | Reached skill level 5 in Bows
  9270 | D:7      | Reached skill level 5 in Crossbows
  9270 | D:7      | Reached skill level 5 in Throwing
  9270 | D:7      | Reached skill level 5 in Dodging
  9270 | D:7      | Reached skill level 5 in Stealth
  9270 | D:7      | Reached skill level 5 in Shields
  9270 | D:7      | Reached skill level 5 in Unarmed Combat
  9270 | D:7      | Reached skill level 5 in Evocations
  9903 | D:8      | Noticed Grum
  9918 | D:8      | Killed Grum
  9922 | D:8      | Reached ***** piety under Okawaru
 10223 | D:8      | Noticed Psyche
 10237 | D:8      | Killed Psyche
 10281 | D:8      | Noticed Joseph
 10345 | D:8      | Noticed Joseph
 10345 | D:8      | Joseph changed into Joseph the bullfrog
 10351 | D:8      | Killed Joseph the bullfrog
 10415 | D:8      | Noticed a gargoyle
 10483 | D:8      | Found a staircase to the Lair.
 10610 | D:8      | Found a sparkling altar of Nemelex Xobeh.
 10845 | D:8      | Found a white marble altar of Elyvilon.
 11007 | D:8      | Killed a gargoyle
 11096 | D:9      | Found an iron altar of Okawaru.
 11148 | D:9      | Found a flagged portal.
 11163 | Bailey   | Entered a bailey
 11184 | Bailey   | Reached XP level 11. HP: 77/87 MP: 2/22
 11270 | Bailey   | Received a gift from Okawaru
 11287 | Bailey   | Reached skill level 9 in Fighting
 11336 | Bailey   | Reached skill level 5 in Conjurations
 11336 | Bailey   | Reached skill level 5 in Hexes
 11336 | Bailey   | Reached skill level 5 in Summonings
 11336 | Bailey   | Reached skill level 5 in Necromancy
 11336 | Bailey   | Reached skill level 5 in Translocations
 11336 | Bailey   | Reached skill level 5 in Transmutations
 11336 | Bailey   | Reached skill level 5 in Fire Magic
 11336 | Bailey   | Reached skill level 5 in Ice Magic
 11336 | Bailey   | Reached skill level 5 in Air Magic
 11336 | Bailey   | Reached skill level 5 in Poison Magic
 11390 | Bailey   | Noticed a vault guard
 11390 | Bailey   | Noticed Prince Ribbit
 11395 | Bailey   | Killed Prince Ribbit
 11403 | Bailey   | Killed a vault guard
 11496 | Bailey   | Noticed a vault guard
 11515 | Bailey   | Killed a vault guard
 11759 | D:9      | Identified the +4 scale mail "Jyebeukk" {rC+ Will+}
                  | (Okawaru gifted it to you on level 9 of the Dungeon)
 11759 | D:9      | Received a gift from Okawaru
 11772 | D:9      | Learned a level 3 spell: Mephitic Cloud
 11929 | D:9      | Found a staircase to the Orcish Mines.
 12291 | D:9      | Found a hazy altar of Hepliaklqana.
 12489 | D:9      | Identified the +9 long sword "Ytsucwo" {antimagic, rN+
                  | Will+ Stlth+}
 12792 | D:3      | Bought a potion of mutation for 80 gold pieces
 12792 | D:3      | Bought a potion of curing for 30 gold pieces
 12792 | D:3      | Bought a potion of invisibility for 80 gold pieces
 12792 | D:3      | Gained mutation: You expend magic power (3 MP) to
                  | strengthen your wands. [potion of mutation]
 12792 | D:3      | Gained mutation: Your body sometimes deteriorates upon
                  | taking damage. [potion of mutation]
 12792 | D:3      | Gained mutation: Your spells are a little harder to cast,
                  | but a little more powerful. [potion of mutation]
 12885 | D:10     | Entered Level 10 of the Dungeon
 12885 | D:10     | Found Fasof's Weapon Shop.
 13109 | D:10     | Found Josaizir's Assorted Antiques.
 13257 | D:10     | Found a glowing silver altar of Zin.
 13310 | D:10     | Found an opulent altar of Gozag.
 13581 | D:10     | Found Moiruola's Weapon Shoppe.
 13814 | D:10     | Noticed a two-headed ogre
 13833 | D:10     | Killed a two-headed ogre
 13919 | D:10     | Found a blossoming altar of Fedhas.
 13919 | D:10     | Found a glowing golden altar of the Shining One.
 13921 | D:10     | Noticed a cyclops
 13924 | D:10     | Noticed a two-headed ogre
 13949 | D:10     | Killed a cyclops
 13954 | D:10     | Killed a two-headed ogre
 14140 | D:10     | Noticed Sonja
 14145 | D:10     | Killed Sonja
 14146 | D:10     | Reached XP level 12. HP: 96/96 MP: 0/24
 14239 | D:10     | Found a radiant altar of Vehumet.
 14742 | D:11     | Found a faded altar of an unknown god.
 14746 | D:11     | Identified the +1 ring mail of Xeuzuw {rN+ Regen+ Int+3
                  | Dex-3}
 15991 | D:12     | Received a gift from Okawaru
 16067 | Lair:1   | Entered Level 1 of the Lair of Beasts
 16676 | Lair:1   | Reached skill level 10 in Fighting
 16913 | Lair:1   | Learned a level 4 spell: Hailstorm
 16921 | Lair:1   | Identified the +5 great mace "Iteimy" {vorpal, rPois}
                  | (Okawaru gifted it to you on level 1 of the Lair of Beasts)
 16921 | Lair:1   | Received a gift from Okawaru
 17005 | Lair:1   | Noticed Gastronok
 17025 | Lair:1   | Killed Gastronok
 17583 | Lair:1   | Reached XP level 13. HP: 90/103 MP: 8/26
 17934 | Lair:2   | Identified the +0 leather armour of the Orb Guardian {Fly
                  | Int+3 Stlth+}
 18057 | Lair:2   | Received a gift from Okawaru
 18554 | Lair:3   | Found a gate leading to a gauntlet.
 18568 | Gauntlet | Entered a Gauntlet
 18568 | Gauntlet | Found a transporter.
 18569 | Gauntlet | Found a large runed translucent door.
 18570 | Gauntlet | Found a large runed translucent door.
 18571 | Gauntlet | Found a large runed translucent door.
 18571 | Gauntlet | Found a large runed translucent door.
 18571 | Gauntlet | Found a runed translucent door.
 18571 | Gauntlet | Found a runed translucent door.
 18572 | Gauntlet | Found a large runed translucent door.
 18573 | Gauntlet | Found a large runed translucent door.
 18574 | Gauntlet | Found a large runed translucent door.
 18574 | Gauntlet | Found a large runed translucent door.
 18574 | Gauntlet | Found a large runed translucent door.
 18574 | Gauntlet | Found a large runed translucent door.
 18574 | Gauntlet | Found a large runed translucent door.
 18574 | Gauntlet | Found a large runed translucent door.
 18575 | Gauntlet | Found a large runed translucent door.
 18575 | Gauntlet | Found a large runed translucent door.
 18576 | Gauntlet | Found a large runed translucent door.
 18576 | Gauntlet | Found a transporter.
 18576 | Gauntlet | Found a large runed translucent door.
 18578 | Gauntlet | Found a transporter.
 18580 | Gauntlet | Found a transporter.
 18594 | Gauntlet | Found a runed translucent gate.
 18594 | Gauntlet | Found a runed translucent gate.
 18596 | Gauntlet | Found a transporter.
 18606 | Gauntlet | Found a runed translucent gate.
 18613 | Gauntlet | Found a transporter.
 18621 | Gauntlet | Found a transporter.
 18646 | Gauntlet | Found a transporter.
 18655 | Gauntlet | Found a transporter.
 18686 | Gauntlet | Found a transporter.
 18698 | Gauntlet | Found a transporter.
 18710 | Gauntlet | Found a transporter.
 18722 | Gauntlet | Found a transporter.
 18739 | Gauntlet | Found a transporter.
 18757 | Gauntlet | Found a transporter.
 18759 | Gauntlet | Found a transporter.
 18786 | Gauntlet | Found a transporter.
 19079 | Gauntlet | Found a transporter.
 19348 | Gauntlet | Identified the +1 helmet of Xom's Scorn {rC+ Str-2 Dex+2}
 19401 | Gauntlet | Noticed a minotaur
 19430 | Gauntlet | Killed a minotaur
 19502 | Gauntlet | Got Toicva's Collected Works on Attacks
 19511 | Lair:3   | Learned a level 4 spell: Iskenderun's Mystic Blast
 19809 | Lair:2   | HP: 1/104 [elephant (14)]
 20511 | Lair:3   | Reached skill level 10 in Spellcasting
 20582 | Lair:3   | Received a gift from Okawaru
 20709 | Lair:3   | Noticed a dire elephant
 20716 | Lair:3   | Reached ****** piety under Okawaru
 20716 | Lair:3   | Received a gift from Okawaru
 20723 | Lair:3   | Killed a dire elephant
 20748 | Lair:3   | Lost mutation: Your spells are a little harder to cast, but
                  | a little more powerful. [potion of mutation]
 20748 | Lair:3   | Lost mutation: Your body sometimes deteriorates upon taking
                  | damage. [potion of mutation]
 20748 | Lair:3   | Lost mutation: You expend magic power (3 MP) to strengthen
                  | your wands. [potion of mutation]
 20748 | Lair:3   | Gained mutation: You sometimes lose the ability to read
                  | scrolls when taking damage. [potion of mutation]
 20748 | Lair:3   | Gained mutation: You have large cloven feet. [potion of
                  | mutation]
 20748 | Lair:3   | Gained mutation: You occasionally shout uncontrollably at
                  | your foes. [potion of mutation]
 20748 | Lair:3   | Gained mutation: Your flesh is heat resistant. (rF+)
                  | [potion of mutation]
 20749 | Lair:3   | Lost mutation: Your flesh is heat resistant. (rF+) [potion
                  | of mutation]
 20749 | Lair:3   | Lost mutation: You have large cloven feet. [potion of
                  | mutation]
 20749 | Lair:3   | Lost mutation: You occasionally shout uncontrollably at
                  | your foes. [potion of mutation]
 20749 | Lair:3   | Gained mutation: You expend magic power (3 MP) to
                  | strengthen your wands. [potion of mutation]
 20749 | Lair:3   | Gained mutation: You are covered in fur. (AC +1) [potion of
                  | mutation]
 20953 | Lair:3   | Reached skill level 11 in Fighting
 20953 | Lair:3   | Reached skill level 10 in Armour
 20953 | Lair:3   | Reached XP level 14. HP: 113/113 MP: 15/28
 21602 | Lair:4   | Noticed Nergalle
 21616 | Lair:4   | Killed Nergalle
 21752 | Lair:4   | Found a hole to the Spider Nest.
 22137 | Lair:4   | Found a staircase to the Swamp.
 22563 | Lair:5   | Reached skill level 10 in Invocations
 22627 | Lair:5   | Noticed Nessos
 22794 | Lair:5   | Received a gift from Okawaru
 23135 | Lair:5   | Killed Nessos
 23590 | Lair:6   | Entered Level 6 of the Lair of Beasts
 23622 | Lair:6   | Reached skill level 10 in Staves
 23630 | Lair:6   | Reached XP level 15. HP: 103/120 MP: 6/29
 23634 | Lair:6   | Noticed Kirke
 23654 | Lair:6   | Received a gift from Okawaru
 23655 | Lair:6   | Killed Kirke
 23663 | Lair:6   | Reached skill level 10 in Short Blades
 23663 | Lair:6   | Reached skill level 10 in Long Blades
 23663 | Lair:6   | Reached skill level 10 in Axes
 23663 | Lair:6   | Reached skill level 10 in Maces & Flails
 23663 | Lair:6   | Reached skill level 10 in Polearms
 23663 | Lair:6   | Reached skill level 10 in Slings
 23663 | Lair:6   | Reached skill level 10 in Bows
 23663 | Lair:6   | Reached skill level 10 in Crossbows
 23663 | Lair:6   | Reached skill level 10 in Throwing
 23663 | Lair:6   | Reached skill level 10 in Dodging
 23663 | Lair:6   | Reached skill level 10 in Stealth
 23663 | Lair:6   | Reached skill level 10 in Shields
 23663 | Lair:6   | Reached skill level 10 in Unarmed Combat
 23663 | Lair:6   | Reached skill level 10 in Evocations
 23864 | Lair:6   | Identified the +6 quarterstaff "Hako Hoq" {speed, Fly rElec
                  | rCorr Str+2}
 23958 | Lair:6   | Learned a level 6 spell: Statue Form
 23980 | Lair:6   | Found a viscous altar of Jiyva.
 24090 | Lair:6   | Reached skill level 12 in Fighting
 24091 | Lair:6   | Received a gift from Okawaru
 24122 | Lair:6   | HP: 3/180 [deep troll shaman (13)]
 24122 | Lair:6   | Mangled by a catoblepas

Illustrated notes

Levels and vault maps discovered:
D:1:      dpeg_arrival_arbitrary_a, layout_loops_ring,
          ebering_ecumenical_altar_mist
D:2:      layout_rooms
D:3:      layout_basic, mainiacjoe_overflow_small_starburst,
          gammafunk_ghost_split, serial_shops, shop, nicolae_shop_behind_doors,
          shop, nicolae_shop_statue_plus, nicolae_shop_trees,
          minmay_misc_feat_five
D:4:      layout_loops_corners, uniq_robin
D:5:      layout_cave_pods, mainiacjoe_overflow_swirl, serial_shops,
          nicolae_shop_bloodbath_and_beyond, grunt_decor_cap
D:6:      layout_loops_ring
D:7:      layout_rooms, mainiacjoe_overflow_tiny_flanked,
          minmay_temple_entry_tees
D:8:      layout_cave_pools, nemelex_diamond_rough_becter, elyvilon_altar_4,
          erik_lair_orcish_takeover, hangedman_decor_riveting,
          lightli_corner_chamber, uniq_joseph, uniq_grum, uniq_maurice,
          uniq_psyche
D:9:      layout_basic, mainiacjoe_overflow_boulevard,
          kennysheep_okawaru_gauntlet, david_orc_3,
          lightli_bailey_entry_fortress, minmay_misc_feat_tiny
D:10:     layout_gridville, pdpol_temple_overflow_zin_treasury_gozag_greed,
          vehumet_altar_wand_db, jmf_multi_god_temple, serial_shops, shop,
          nicolae_stop_n_shop_1, nicolae_shop_trees,
          chequers_serial_rivers_room_a, uniq_sonja
D:11:     layout_irregular_city, serial_column_ruins, column_ruins_temple_hall,
          column_ruins_hut, column_ruins_open_tiny, column_ruins_open_small,
          column_ruins_grid_2, column_ruins_open_small
D:12:     minmay_the_grid_octo_tiled_squarecenter [minmay_the_grid_octo_shrine,
          minmay_the_grid_octo_checkered, minmay_the_grid_octo_teeth,
          minmay_the_grid_octo_fan_narrow,
          minmay_the_grid_square_5x5_megaprize_open,
          minmay_the_grid_square_5x5_two, minmay_the_grid_square_5x5_minibox,
          minmay_the_grid_square_5x5_seven, minmay_the_grid_square_5x5_inner_i],
          layout_irregular_city, grunt_ministairs_2, uniq_fannar, uniq_erolcha
Lair:1:   layout_concentric_octagons, grunt_megastairs_3, uniq_gastronok
Lair:2:   layout_hall_layers
Lair:3:   layout_long_grid, gauntlet_entry_generic, st_stairs_3,
          nicolae_lair_lakeside_cave, grunt_megastairs_2
Lair:4:   layout_loops_ring, skrybe_swamp_entry_bodies,
          nicolae_spider_entry_non_spiders, uniq_nergalle
Lair:5:   layout_gridlike, uniq_nessos
Lair:6:   grunt_lair_end_beastmaster, layout_regular_city, slime_altar_1,
          uniq_kirke

Skill      XL: |  1  2  3  4  5  6  7  8  9 10 11 12 13 14 15 |
---------------+----------------------------------------------+-----
Spellcasting   | 5 6 7 8 9 10 11 | 11.2
Invocations    | 1 2 3 4 5 6 7 8 9 10 11 | 11.0
Short Blades   | 1 2 3 4 5 6 7 8 9 10 | 10.1
Long Blades    | 1 2 3 4 5 6 7 8 9 10 | 10.1
Axes           | 1 2 3 4 5 6 7 8 9 10 | 10.1
Maces & Flails | 1 2 3 4 5 6 7 8 9 10 | 10.1
Polearms       | 1 2 3 4 5 6 7 8 9 10 | 10.1
Slings         | 1 2 3 4 5 6 7 8 9 10 | 10.1
Bows           | 1 2 3 4 5 6 7 8 9 10 | 10.1
Crossbows      | 1 2 3 4 5 6 7 8 9 10 | 10.1
Throwing       | 1 2 3 4 5 6 7 8 9 10 | 10.1
Dodging        | 1 2 3 4 5 6 7 8 9 10 | 10.1
Stealth        | 1 2 3 4 5 6 7 8 9 10 | 10.1
Shields        | 1 2 3 4 5 6 7 8 9 10 | 10.1
Unarmed Combat | 1 2 3 4 5 6 7 8 9 10 | 10.1
Evocations     | 1 2 3 4 5 6 7 8 9 10 | 10.1
Conjurations   | 1 2 3 4 5 6 7 8 |  8.4
Hexes          | 1 2 3 4 5 6 7 8 |  8.4
Summonings     | 1 2 3 4 5 6 7 8 |  8.4
Necromancy     | 1 2 3 4 5 6 7 8 |  8.4
Translocations | 1 2 3 4 5 6 7 8 |  8.4
Transmutations | 1 2 3 4 5 6 7 8 |  8.4
Fire Magic     | 1 2 3 4 5 6 7 8 |  8.4
Ice Magic      | 1 2 3 4 5 6 7 8 |  8.4
Air Magic      | 1 2 3 4 5 6 7 8 |  8.4
Poison Magic   | 1 2 3 4 5 6 7 8 |  8.4
Staves         | 3 4 5 6 7 8 9 10 | 10.4
Earth Magic    | 4 5 6 7 8 9 |  9.3
Armour         | 5 6 7 8 9 10 11 | 11.1
Fighting       | 7 8 9 10 11 12 | 12.0

Action                   |  1- 3 |  4- 6 |  7- 9 | 10-12 | 13-15 || total
-------------------------+-------+-------+-------+-------+-------++-------
Melee: Quarterstaff      |    33 |    43 |       |       |    32 ||   108
       Bite              |     1 |     9 |    27 |    64 |    76 ||   177
       Spear             |       |    26 |   303 |   348 |     7 ||   684
       Punch             |       |       |     4 |    14 |       ||    18
       Long sword        |       |       |       |   297 |   242 ||   539
       Great mace        |       |       |       |       |   245 ||   245
Throw: Throwing net      |       |       |     1 |       |       ||     1
       Javelin           |       |       |     7 |     9 |     4 ||    20
       Stone             |       |       |       |     6 |       ||     6
       Dart              |       |       |       |     2 |     3 ||     5
       Boomerang         |       |       |       |       |     1 ||     1
 Cast: Sandblast         |    33 |    89 |    14 |     5 |     3 ||   144
       Frozen Ramparts   |       |       |     7 |    31 |    26 ||    64
       Mephitic Cloud    |       |       |       |    23 |    77 ||   100
       Hailstorm         |       |       |       |       |    21 ||    21
       Iskenderun's Myst |       |       |       |       |    16 ||    16
Invok: Heroism           |       |     2 |     3 |     1 |     3 ||     9
       Finesse           |       |       |       |     1 |       ||     1
Evoke: Wand              |       |       |     7 |    15 |    12 ||    34
  Use: Scroll            |       |     6 |     5 |     4 |    10 ||    25
       Potion            |       |     2 |       |     3 |    19 ||    24
 Stab: Sleeping          |     1 |     2 |     2 |     2 |     4 ||    11
       Held in net/web   |       |       |     1 |       |       ||     1
       Distracted        |       |       |     1 |     1 |       ||     2
       Confused          |       |       |       |    23 |    26 ||    49
Armor: Robe              |     8 |    15 |    16 |       |       ||    39
       Leather armour    |       |       |    69 |   260 |    32 ||   361
       Ring mail         |       |       |       |       |   309 ||   309
       Skin              |       |       |       |       |   117 ||   117
Dodge: Dodged            |    32 |    84 |   121 |   355 |   516 ||  1108
Block: Buckler           |       |       |       |    98 |    86 ||   184

Table legend: (Time is in decaauts)
 A = Elapsed time spent in this place.
 B = Non-inter-level travel time spent in this place.
 C = Inter-level travel time spent in this place.
 D = Time resting spent in this place.
 E = Time spent auto-exploring this place.
 F = Levels seen in this place.
 G = Mean time per level.
                   A        B        C        D        E       F      G
               +--------+--------+--------+--------+--------+-----+--------+
         Total |  24187 |  22596 |   1591 |   4055 |  13920 |  20 | 1209.3 |
       Dungeon |  15638 |  14429 |   1209 |   2885 |   9249 |  12 | 1303.2 |
          Lair |   7226 |   6844 |    382 |    992 |   4306 |   6 | 1204.3 |
        Bailey |    389 |    389 |      0 |     30 |    143 |   1 |  389.0 |
      Gauntlet |    932 |    932 |      0 |    148 |    222 |   1 |  932.0 |
               +--------+--------+--------+--------+--------+-----+--------+

Top non-repeatable levels by time:
     D:6: 1962 daAuts
     D:5: 1797 daAuts
    D:10: 1761 daAuts
  Lair:1: 1687 daAuts
     D:8: 1579 daAuts
     D:4: 1499 daAuts
     D:3: 1483 daAuts
  Lair:3: 1421 daAuts
  Lair:2: 1339 daAuts
     D:9: 1268 daAuts
    D:11: 1251 daAuts
     D:7: 1238 daAuts
     D:1: 1137 daAuts
  Lair:5: 1129 daAuts
  Lair:4: 1126 daAuts
